 Dungeon Crawl Stone Soup version 0.23.2-1-ga50397a (webtiles) character file.

Game seed: 16103869312840432814

338 Fang the Skirmisher (level 6, 0/60 HPs)
             Began as a Gargoyle Berserker on Apr 23, 2019.
             Was a Believer of Trog.
             Slain by an ogre
             ... wielding a +0 giant club
              (24 damage)
             ... on level 5 of the Dungeon.
             The game lasted 00:02:52 (3701 turns).

Fang the Skirmisher (Gargoyle Berserker)            Turns: 3701, Time: 00:02:52

Health: 0/60       AC: 13    Str: 28    XL:     6   Next: 55%
Magic:  6/6        EV:  9    Int:  7    God:    Trog [**....]
Gold:   133        SH:  0    Dex:  9    Spells: 5/5 levels left

rFire    . . .     SeeInvis .   a - +0 hand axe
rCold    . . .     Gourm    .   (no shield)
rNeg     + . .     Faith    .   b - +0 chain mail
rPois    ∞         Spirit   .   (no helmet)
rElec    +         Reflect  .   (no cloak)
rCorr    .         Harm     .   (no gloves)
MR       .....                  (no boots)
Stlth    ..........             (no amulet)
HPRegen  0.20/turn              n - ring of stealth
MPRegen  0.10/turn              (no ring)

@: berserking, very quick
A: negative energy resistance 1, electricity resistance, unbreathing,
petrification resistance, rot immunity, AC +4
a: Berserk, Trog's Hand, Renounce Religion


You were on level 5 of the Dungeon.
You worshipped Trog.
Trog was pleased with you.
You were hungry.

You visited 1 branch of the dungeon, and saw 5 of its levels.

You collected 133 gold pieces.

Inventory:

Hand Weapons
 a - a +0 hand axe (weapon)
Armour
 b - a +0 chain mail (worn)
Jewellery
 n - a ring of stealth (left hand)
Wands
 x - a wand of digging (5)
Scrolls
 d - 2 scrolls of remove curse {unknown}
 e - 7 scrolls of teleportation {unknown}
 f - 2 scrolls of enchant weapon {unknown}
 j - 4 scrolls of identify {unknown}
 k - a scroll of noise {unknown}
 m - a scroll of magic mapping {unknown}
 o - a scroll of fog {unknown}
 p - 2 scrolls of blinking {unknown}
 q - a scroll of immolation {unknown}
 s - a scroll of random uselessness {unknown}
 u - a scroll of amnesia {unknown}
Potions
 g - a potion of agility {unknown}
 h - 2 potions of curing {unknown}
 i - 2 potions of heal wounds
 l - 2 potions of might {unknown}
 r - a potion of haste {unknown}
 t - a potion of berserk rage {unknown}
 v - a potion of flight {unknown}
 w - a potion of brilliance {unknown}
Comestibles
 c - 13 rations


   Skills:
 + Level 4.8 Fighting
 + Level 3.9 Axes
 + Level 4.1 Armour
 + Level 3.0 Dodging


You had 5 spell levels left.
You didn't know any spells.
Your spell library was empty.

Dungeon Overview and Level Annotations

Branches:
Dungeon (5/15)
 Temple: D:4-7

Altars:
Okawaru
Wu Jian

Shops:
D:4 !


Innate Abilities, Weirdness & Mutations

You are resistant to torment.
Your stone body is resilient. (AC +4)
You are immune to poison.
You resist negative energy. (rN+)
You are resistant to electric shocks. (rElec)
You can survive without breathing.
You are immune to petrification.
You are immune to rotting.


Message History

The ogre hits you with a +0 giant club!!
Ouch! That really hurt!
You are too injured to fight recklessly!
You are too injured to fight recklessly!
You are too injured to fight recklessly!
You are too injured to fight recklessly!
You are too injured to fight recklessly!
You are too injured to fight recklessly!
You are too injured to fight recklessly!
You are too injured to fight recklessly!
You are too injured to fight recklessly!
You are too injured to fight recklessly!
You are too injured to fight recklessly!
You are too injured to fight recklessly!
A red film seems to cover your vision as you go berserk!
You feel yourself moving faster!
You feel mighty!
You are feeling hungry.
The adder bites you but does no damage.
The ogre hits you with a +0 giant club!!
You die...

.........)...>.......
..#####..#.###.##...#..
..# ##..#.## ..###.#.#.
..####......# #...#.....
............# ##.......
(#####....>.# ...(...
....÷...##### .......
....###.#########O......
###.# #.##......@Sa.....
#.# #....#######......
### ###...# ..### #...#
.# ##...# # #...##
##...# #...## ##...#


You could see an ogre, a worker ant and an adder.

Vanquished Creatures
  An ogre (D:5)
  Blork the orc (D:4)
  An iguana (D:5)
  Robin (D:2)
  2 gnolls (D:2)
  3 adders
  A shadow imp (D:4)
  2 oozes
  2 adder skeletons
  A dart slug (D:1)
  A worm (D:2)
  4 leopard geckos
  4 orcs
  3 ball pythons
  5 bats
  4 giant cockroaches
  10 goblins
  11 hobgoblins
  2 jackals (D:4)
  5 kobolds
  A quokka (D:4)
  3 frilled lizards
  6 rats
74 creatures vanquished.

Notes
Turn   | Place    | Note
-------+----------+-------------------------------------------
     0 | D:1      | Fang the Gargoyle Berserker began the quest for the Orb.
     0 | D:1      | Reached XP level 1. HP: 14/14 MP: 1/1
   122 | D:1      | Reached XP level 2. HP: 17/19 MP: 2/2
   679 | D:1      | Reached XP level 3. HP: 23/23 MP: 3/3
   736 | D:1      | Reached ** piety under Trog
   877 | D:2      | Noticed Robin
   890 | D:2      | Killed Robin
  1133 | D:2      | Reached XP level 4. HP: 28/29 MP: 4/4
  1373 | D:2      | Found an iron altar of Okawaru.
  1769 | D:3      | Found an ornate altar of the Wu Jian Council.
  1886 | D:3      | Reached XP level 5. HP: 28/33 MP: 5/5
  2178 | D:4      | Noticed Blork the orc
  2194 | D:4      | Killed Blork the orc
  2796 | D:4      | Found Xeelen's Distillery.
  2950 | D:4      | Reached XP level 6. HP: 38/39 MP: 6/6
  3277 | D:5      | Entered Level 5 of the Dungeon
  3701 | D:5      | Slain by an ogre

Skill      XL: |  1  2  3  4  5  6 |
---------------+-------------------+-----
Axes           | 3 |  3.9
Dodging        | 2 3 |  3.0
Armour         | 3 4 |  4.1
Fighting       | 4 |  4.8

Action                   |  1- 3 |  4- 6 || total
-------------------------+-------+-------++-------
Melee: Hand axe          |   140 |   169 ||   309
Invok: Berserk           |       |     5 ||     5
  Eat: Chunk             |     1 |    12 ||    13
Armor: Chain mail        |    89 |   104 ||   193
       Animal skin       |     1 |       ||     1
Dodge: Dodged            |    59 |    71 ||   130
